Map: Mech-Depot LE

Players

Panda - Winner!

  • Race: Zerg Zerg
  • League: Diamond
  • Spawn Location: 1:00

WCrow

  • Race: Zerg Zerg
  • League: Diamond
  • Spawn Location: 7:00

VOD

Have the link to the VOD?

Description

Time

  • Played on: Sept. 6, 2017, 5:20 p.m.
  • Length: 5:29
Show
View Real Time Build Order
Export as new Build Order

Panda Zerg - Winner!

Build Orders: Pool First 

Get SALT Encoding   

  12  0:01  Drone  
  13  0:15  Extractor  
  12  0:24  Spawning Pool  
  11  0:29  Drone  
  11  0:33  Drone  
  13  0:44  Overlord  
  13  0:50  Drone  
  14  1:12  Zergling x4  
  14  1:13  Zergling x2  
  14  1:17  Metabolic Boost  
  17  1:23  Zergling x2  
  18  1:35  Zergling x2  
  18  1:39  Queen  
  21  1:49  Baneling Nest  
  21  1:53  Zergling x2  
  21  2:03  Zergling x2  
  21  2:30  Overlord, Zergling x4  
  21  2:34  Baneling  
  21  2:35  Baneling x2  
  22  2:46  Overlord  
  19  3:05  Zergling x8  
  22  3:24  Zergling x4  
  21  3:33  Zergling x2  
  22  4:00  Hatchery  
  22  4:02  Drone  
  22  4:03  Drone x2  
  22  4:27  Zergling x2  
  22  4:28  Zergling x4  
  23  4:46  Zergling x8  
  26  5:06  Zergling x4  
Show
View Real Time Build Order
Export as new Build Order

WCrow Zerg 

Build Orders: Pool First 

Get SALT Encoding   

  12  0:20  Spawning Pool  
  11  0:23  Drone  
  12  0:31  Extractor  
  12  0:32  Drone  
  12  0:35  Drone  
  13  0:45  Overlord  
  13  0:51  Drone  
  14  1:07  Zergling x2  
  14  1:08  Zergling x2  
  16  1:18  Queen  
  16  1:20  Drone  
  19  1:36  Metabolic Boost  
  19  1:40  Drone  
  20  1:58  Hatchery  
  19  2:02  Drone  
  18  2:25  Zergling x2  
  18  2:26  Zergling x4  
  21  2:35  Zergling x2  
  22  2:44  Spine Crawler  
  13  3:01  Zergling x4  
  13  3:02  Zergling x2  
  13  3:05  Queen  
  13  3:34  Queen  
  13  3:39  Drone x4  
  19  4:16  Zergling x6  
  5  4:48  Zergling x10  
Tags
 
Matchup
ZvZ
Race
Zerg
Replay Pack
replays1
Spawn Locations
Cross Positions
Add a new tag
Caveats
  • Supply blocks, unpowered buildings, or Contaminate may cause inaccurate times.
  • Supply counts are checked every 10 seconds.